 Dungeon Crawl Stone Soup version 0.26.0-10-g1f06aea511 (webtiles) character file.

Game seed: 17167834373774429566

52 shakesphere1979 the Stinger (level 3, -3/20 HPs)
             Began as a Gargoyle Venom Mage on Jan 14, 2021.
             Slain by a worm (10 damage)
             ... on level 2 of the Dungeon.
             The game lasted 00:06:04 (1717 turns).

shakesphere1979 the Stinger (Gargoyle Venom Mage)   Turns: 1717, Time: 00:06:05

Health: -3/20      AC:  5    Str: 11    XL:     3   Next: 85%
Magic:  2/6        EV: 12    Int: 16    God:
Gold:   74         SH:  0    Dex: 10    Spells: 5/6 levels left

rFire    . . .     SeeInvis .   k - +0 short sword
rCold    . . .     Faith    .   (no shield)
rNeg     + . .     Spirit   .   a - +0 robe
rPois    ∞         Reflect  .   (no helmet)
rElec    +         Harm     .   (no cloak)
rCorr    .         Rampage  .   (no gloves)
Will     .....                  (no boots)
Stlth    ++........             (no amulet)
HPRegen  0.06/turn              (no ring)
MPRegen  0.10/turn              (no ring)

@: no status effects
A: negative energy resistance 1, electricity resistance, unbreathing,
petrification resistance, miasma immunity, AC +3
a: no special abilities


You were on level 2 of the Dungeon.
You visited 1 branch of the dungeon, and saw 2 of its levels.

You collected 74 gold pieces.

Inventory:

Hand Weapons
 k - a +0 short sword (weapon)
 m - a +0 dagger
Missiles
 c - 51 stones
 h - 24 bolts
 n - 19 arrows
Armour
 a - a +0 robe (worn)
Scrolls
 b - a scroll of amnesia {unknown}
 d - a scroll of identify {unknown}
 e - 2 scrolls of enchant weapon {unknown}
 g - a scroll of enchant armour {unknown}
 i - a scroll of teleportation {unknown}
 j - a scroll of remove curse {unknown}
Potions
 f - 2 potions of berserk rage {unknown}
 l - a potion of degeneration {unknown}


   Skills:
 + Level 1.1 Fighting
 + Level 1.9 Dodging
 + Level 2.8 Stealth
 + Level 2.4 Spellcasting
 + Level 1.2 Transmutations
 + Level 3.3 Poison Magic


You had 5 spell levels left.
You knew the following spells:

 Your Spells              Type           Power        Failure   Level
a - Sting                 Tmut/Pois      36%          8%          1

Your spell library contained the following spells:

 Spells                   Type           Power        Failure   Level
 Poisonous Vapours        Pois/Air       14%          16%         2
 Ignite Poison            Fire/Tmut/Pois 6%           32%         3
 Mephitic Cloud           Conj/Pois/Air  5%           36%         3
 Olgreb's Toxic Radiance  Pois           12%          45%         4


Dungeon Overview and Level Annotations

Branches:
Dungeon (2/15)

Altars:


Innate Abilities, Weirdness & Mutations

You are resistant to torment.
Your stone body is resilient. (AC +3)
You are immune to poison.
You resist negative energy. (rN+)
You are resistant to electric shocks. (rElec)
You can survive without breathing.
You are immune to petrification.
You are immune to miasma.


Message History

Casting: Sting (safe; 8% risk of failure)
Confirm with . or Enter, or press ? or * to list all spells.
Aiming: Sting (safe; 8% risk of failure)
Press: ? - help, Shift-Dir - straight line, f/p - worm
Aim: a worm (lightly wounded, very poisoned, 11% to evade)
The sting hits the worm.
The worm looks even sicker.
The worm is lightly wounded.
You hit the worm.
The worm is moderately wounded.
You hit the worm.
The worm is heavily wounded.
The worm closely misses you.
You hit the worm.
The worm is severely wounded.
The worm misses you.
You hit the worm.
The worm is almost dead.
The worm bites you!
Ouch! That really hurt!
You die...

#...+ ###.# ######w#
#..<...# #.####.# #.#
#.# # #.# #.# .# #.#
#.#######'##### #.#
#....w@........ #.#
###.##....##### #.#
#.##.##.....
.#####.######†##.##.####
.......†............#
....#################
... .#


You could see a worm (very poisoned).

Vanquished Creatures
  A gnoll (D:1)
  2 leopard geckos (D:2)
  A ball python (D:1)
  3 bats (D:1)
  A giant cockroach (D:1)
  5 goblins
  7 hobgoblins
  4 jackals (D:1)
  5 kobolds
  6 frilled lizards
  2 rats
37 creatures vanquished.

Notes
Turn   | Place    | Note
-------+----------+-------------------------------------------
     0 | D:1      | shakesphere1979 the Gargoyle Venom Mage began the quest for
                  | the Orb.
     0 | D:1      | Reached XP level 1. HP: 10/10 MP: 3/3
   150 | D:1      | Reached XP level 2. HP: 16/16 MP: 1/5
   214 | D:1      | Reached skill level 1 in Transmutations
   586 | D:1      | Reached XP level 3. HP: 20/20 MP: 3/6
   760 | D:1      | Reached skill level 1 in Fighting
  1717 | D:2      | Slain by a worm

Illustrated notes

Levels and vault maps discovered:
D:1:      dpeg_arrival_rhombus, layout_basic
D:2:      minmay_chambers_of_twos, layout_loops_ring, minmay_door_square,
          bloody_makhleb, uniq_robin

Skill      XL: |  1  2  3 |
---------------+----------+-----
Transmutations | 1 |  1.2
Fighting       | 1 |  1.1
Dodging        | |  1.9
Stealth        | |  2.8
Spellcasting   | |  2.4
Poison Magic   | |  3.3

Action                   || total
-------------------------++-------
Melee: Unarmed           ||    26
       Short sword       ||    63
       Dagger            ||    19
 Cast: Sting             ||    41
 Stab: Sleeping          ||     2
Armor: Robe              ||    52
Dodge: Dodged            ||    95
